 Dungeon Crawl Stone Soup version 0.30-a0-743-gbfdf073431 (webtiles) character file.

Game seed: 11198807154526576511

1017 oldriver the Shooter (level 8, -1/59 (68) HPs)
             Began as a Meteoran Hunter on Feb 7, 2023.
             Slain by a wight
             ... wielding a +3 battleaxe
              (17 damage)
             ... on level 5 of the Dungeon.
             The game lasted 00:09:55 (2476 turns).

oldriver the Shooter (Meteoran Hunter)              Turns: 2476, Time: 00:09:56

HP:   -1/59 (68)    AC:  9    Str: 13    XL:     8   Next: 74%
MP:   0/9           EV: 13    Int: 10    God:
Gold: 134           SH:  0    Dex: 20    Spells: 7/7 levels left

rFire   + . .      SeeInvis .    a - +2 shortbow (freeze)
rCold   + . .      Faith    .    (shield currently unavailable)
rNeg    . . .      Spirit   +    r - +2 ring mail of Bedevilment {rF+ rC+}
rPois   .          Reflect  .    (no helmet)
rElec   .          Harm     .    (no cloak)
rCorr   .          Rampage  .    (no gloves)
Will    +....                    d - +0 pair of boots
Stlth   +                        t - amulet of guardian spirit
HPRegen 0.29/turn                g - ring of flight
MPRegen 0.11/turn                (no ring)

@: about to teleport, flying, glowing, heavily drained
A: sense surroundings 1, otherworldly, glowing, explore regen
a: no special abilities


You were on level 5 of the Dungeon.
You visited 1 branch of the dungeon, and saw 5 of its levels.
You also visited: Sewer.

You collected 134 gold pieces.

Inventory:

Hand Weapons
 a - a +2 shortbow of freezing (weapon)
 p - a +1 whip of electrocution
Armour
 d - a +0 pair of boots (worn)
 m - a scarf of invisibility
 r - the +2 ring mail of Bedevilment (worn) {rF+ rC+}
   (You found it on level 4 of the Dungeon)

   rF:        It protects you from fire.
   rC:        It protects you from cold.
Magical Staves
 f - a staff of fire
Jewellery
 g - a ring of flight (left hand)
 t - an amulet of guardian spirit (around neck)
Wands
 q - a wand of mindburst (25)
Scrolls
 b - a scroll of immolation
 e - 2 scrolls of identify
 l - a scroll of teleportation
 u - a scroll of vulnerability {unknown}
 v - a scroll of fear {unknown}
Potions
 c - 6 potions of curing
 h - 5 potions of flight
 j - 3 potions of mutation {unknown}
 k - 2 potions of lignification
 n - a potion of invisibility {unknown}
 o - a potion of degeneration {unknown}
 s - a potion of resistance {unknown}


   Skills:
 + Level 5.0 Fighting
 * Level 7.8 Ranged Weapons
 + Level 4.7 Armour
 + Level 5.4 Dodging
 - Level 0.6 Stealth


You had 7 spell levels left.
You didn't know any spells.
Your spell library contained the following spells:

 Spells                   Type           Power      Damage    Failure   Level
 Yara's Violent Unravell  Hex/Tmut       0%         3d3       100%        5
 Enfeeble                 Hex            0%         N/A       100%        7


Dungeon Overview and Level Annotations

Branches:
Dungeon (5/15) Zot: 766     Sewer (visited)
 Temple: D:4-7

Altars:
Sif Muna
Xom
The Shining One

Shops:
D:2 (   D:4 *


Innate Abilities, Weirdness & Mutations

You passively map a small area around you.
You are easily found by Zot.
You glow in the dark.
You regain HP and MP as you explore.


Message History

You feel drained.
Fire: a) +2 shortbow (freeze)
Press: ? - help, Shift-Dir - straight line, f/p - wight
Aim: a wight, wielding a +3 battleaxe and wearing a +0 robe (severely damaged, 69% to hit)
You shoot an arrow.
The arrow hits the wight but does no damage.
The wight is severely damaged.
The wight barely misses you.
The wight hits you from afar with a +4 trident!
You feel drained.
Fire: a) +2 shortbow (freeze)
Press: ? - help, Shift-Dir - straight line, f/p - wight
Aim: a wight, wielding a +3 battleaxe and wearing a +0 robe (severely damaged, 69% to hit)
You shoot an arrow. The arrow barely misses the wight.
The wight hits you from afar with a +4 trident.
* * * LOW HITPOINT WARNING * * *
The wight closely misses you.
The wight hits you from afar with a +4 trident!
* * * LOW HITPOINT WARNING * * *
You feel drained.
* * * LOW HITPOINT WARNING * * *
The wight barely misses you.
Fire: a) +2 shortbow (freeze)
Press: ? - help, Shift-Dir - straight line, f/p - wight
Aim: a wight, wielding a +3 battleaxe and wearing a +0 robe (severely damaged, 69% to hit)
You shoot an arrow. The arrow barely misses the wight.
The wight hits you with a +3 battleaxe.
* * * LOW HITPOINT WARNING * * *
The wight misses you.
Okay, then.
As you read the scroll of teleportation, it crumbles to dust.
You feel strangely unstable. The wight completely misses you.
The wight barely misses you.
You feel much better. The wight hits you with a +3 battleaxe!
* * * LOW HITPOINT WARNING * * *
You feel drained.
* * * LOW HITPOINT WARNING * * *
The wight closely misses you. The wight attacks as you move away!
The wight hits you with a +3 battleaxe!
You die...

,###.####### .§≈ ,
##.........# ~.≈§
##..........# .§§ ,
,##...........# .§§
, #.....(.....># ,
§.. ,
*.............# .#*
§≈≈ ....$####z.####
..# ###
......###..z..###.#
* # #).....@......#
,
,..#.####.#.#...##*
## # #....^....,
,.. * , , ,,
##..##.### .. #..#*
.#** # , * * #..#
,. # #..# * , * #
,, * ##.# , #.. # ,
#.# ,, ...##


You could see 2 wights.

Vanquished Creatures
  3 ogres
  2 phantoms (D:5)
  Blork the orc (D:4)
  2 scorpions (D:5)
  A hound (D:4)
  A jelly (D:5)
  4 iguanas
  An orc wizard (D:3)
  A sickly merfolk siren (Sewer)
  A malarious merfolk avatar (Sewer)
  4 adders
  A gnoll (D:1)
  2 river rats
  4 worms
  3 dart slugs
  9 orcs
  9 endoplasms
  5 giant cockroaches
  5 hobgoblins
  10 quokkas
  12 ball pythons
  2 bats
  12 frilled lizards
  5 goblins
  8 kobolds
  28 rats
136 creatures vanquished.

Notes
Turn   | Place    | Note
-------+----------+-------------------------------------------
     0 | D:1      | oldriver the Meteoran Hunter began the quest for the Orb.
     0 | D:1      | Reached XP level 1. HP: 17/17 MP: 2/2
    85 | D:1      | Reached XP level 2. HP: 24/24 MP: 3/3
   308 | D:1      | Reached skill level 1 in Armour
   308 | D:1      | Reached XP level 3. HP: 24/30 MP: 4/4
   435 | D:2      | Reached skill level 5 in Ranged Weapons
   435 | D:2      | Reached XP level 4. HP: 37/37 MP: 5/5
   496 | D:2      | Found Rolil's Antique Weapon Boutique.
   692 | D:2      | Found a faded altar of an unknown god.
   857 | D:3      | Found a glowing golden altar of the Shining One.
   879 | D:3      | Reached XP level 5. HP: 5/45 MP: 6/6
   901 | D:3      | Identified the +0 ring mail "Uthriewn" {rC++}
  1185 | D:3      | Found a shimmering altar of Xom.
  1300 | D:4      | Found Enifa's Gadget Gallery.
  1303 | D:4      | Identified the +2 ring mail of Bedevilment {rF+ rC+}
  1441 | D:4      | Noticed Blork the orc
  1463 | D:4      | Reached XP level 6. HP: 46/51 MP: 7/7
  1466 | D:4      | Killed Blork the orc
  1467 | D:4      | Reached skill level 6 in Ranged Weapons
  1536 | D:4      | Found a shimmering blue altar of Sif Muna.
  1563 | D:4      | Noticed an ogre
  1571 | D:4      | Killed an ogre
  1572 | D:4      | Reached XP level 7. HP: 57/58 MP: 8/8
  1842 | D:5      | Entered Level 5 of the Dungeon
  1920 | D:5      | Reached skill level 7 in Ranged Weapons
  1920 | D:5      | Reached XP level 8. HP: 57/67 MP: 9/9
  1939 | D:5      | Reached skill level 5 in Dodging
  2013 | D:5      | Found a glowing drain.
  2017 | Sewer    | Entered a sewer
  2453 | D:5      | Reached skill level 5 in Fighting
  2476 | D:5      | Slain by a wight

Illustrated notes

Levels and vault maps discovered:
D:1:      minmay_arrival_glassed_features, layout_loops_ring, serial_shops,
          nicolae_shop_advertising_works [nicolae_subvault_shop_adworks]
D:2:      layout_rooms, serial_shops, shop, basic_ecumenical_altar
D:3:      layout_basic, lemuel_coloured_pillars_altar, tso_metal_star,
          st_stairs_4, amcnicky_mini_rare_corridor_liquid,
          guppyfry_early_orc_mine
D:4:      minmay_chambers_of_threes, layout_loops_ring,
          mainiacjoe_overflow_six_doors_small, nicolae_shop_gadgets,
          uniq_blork_the_orc
D:5:      layout_rooms, nicolae_ashenzari_panopticon, gup_sewer_entry_bowl,
          st_stairs_13, kennysheep_pointless_box, uniq_sigmund

Skill      XL: |  1  2  3  4  5  6  7  8 |
---------------+-------------------------+-----
Armour         | 1 2 3 4 |  4.7
Ranged Weapons | 5 6 7 |  7.8
Dodging        | 3 4 5 |  5.4
Fighting       | 3 4 5 |  5.0
Stealth        | |  0.6

Action                     |  1- 3 |  4- 6 |  7- 9 || total
---------------------------+-------+-------+-------++-------
   Fire: Shortbow          |    76 |   147 |   155 ||   378
    Use: Potion            |       |     3 |     1 ||     4
         Scroll            |       |       |     8 ||     8
 Armour: Leather armour    |    14 |    11 |       ||    25
         Ring mail         |       |    33 |    36 ||    69
  Dodge: Dodged            |    29 |    38 |    64 ||   131

Table legend: (Time is in decaauts)
 A = Elapsed time spent in this place.
 B = Non-inter-level travel time spent in this place.
 C = Inter-level travel time spent in this place.
 D = Time resting spent in this place.
 E = Time spent auto-exploring this place.
 F = Levels seen in this place.
 G = Mean time per level.
                   A        B        C        D        E       F      G
               +--------+--------+--------+--------+--------+-----+--------+
         Total |   2582 |   2544 |     38 |      0 |     44 |   6 |  430.3 |
       Dungeon |   2233 |   2195 |     38 |      0 |     44 |   5 |  446.6 |
         Sewer |    348 |    348 |      0 |      0 |      0 |   1 |  348.0 |
               +--------+--------+--------+--------+--------+-----+--------+

Top non-repeatable levels by time:
     D:3: 575 daAuts
     D:4: 571 daAuts
     D:1: 386 daAuts
     D:2: 385 daAuts
   Sewer: 348 daAuts
     D:5: 316 daAuts
